 Dungeon Crawl Stone Soup version 0.29-a0-219-g0a02b1cf4f (webtiles) character file.

Game seed: 9907209751073893664

2965 sammy202020 the Basher (level 9, -1/108 HPs)
             Began as a Demonspawn Berserker on Feb 25, 2022.
             Was a Priest of Trog.
             Slain by a killer bee (3 damage)
             ... on level 9 of the Dungeon on Feb 26, 2022.
             The game lasted 00:23:12 (9335 turns).

sammy202020 the Basher (Demonspawn Berserker)       Turns: 9335, Time: 00:23:13

Health: -1/108     AC: 16    Str: 21    XL:     9   Next: 52%
Magic:  9/9        EV: 10    Int: 11    God:    Trog [***...]
Gold:   400        SH:  4    Dex: 13    Spells: 8/8 levels left

rFire   . . .      SeeInvis .   a - +0 mace
rCold   + . .      Faith    .   (no shield)
rNeg    . . .      Spirit   .   s - +2 chain mail {rC+}
rPois   .          Reflect  .   (helmet restricted)
rElec   .          Harm     .   (no cloak)
rCorr   +          Rampage  .   (no gloves)
Will    ++...                   (no boots)
Stlth   ..........              (no amulet)
HPRegen 1.28/turn               g - ring of resist corrosion
MPRegen 0.11/turn               (no ring)

@: berserking (expiring), lethally poisoned (-1 -> -1), strong-willed,
regenerating, studying Maces & Flails, very quick
A: horns 1, demonic guardian 1, icemail 1, big brain 1, condensation shield
a: Renounce Religion, Berserk, Trog's Hand


You were on level 9 of the Dungeon.
You worshipped Trog.
Trog was most pleased with you.
You visited 1 branch of the dungeon, and saw 8 of its levels.
You also visited: Sewer.

You collected 400 gold pieces.

Inventory:

Hand Weapons
 a - a +0 mace (weapon)
 p - a +0 dire flail
 t - a +2 flail of protection
Armour
 s - a +2 chain mail of cold resistance (worn)
 y - a +0 plate armour
 A - a +0 cloak
 C - +0 steam dragon scales
Jewellery
 g - a ring of resist corrosion (left hand)
 k - a ring of magical power
 r - a ring of magical power
 B - a ring of fire
Wands
 z - a wand of iceblast (1)
Scrolls
 l - 2 scrolls of identify
 u - 2 scrolls of teleportation
 v - a scroll of fog
 w - 2 scrolls of blinking
 x - a scroll of fear
Potions
 b - 2 potions of mutation
 c - 2 potions of berserk rage
 d - 6 potions of curing
 e - 2 potions of lignification {unknown}
 f - a potion of invisibility {unknown}
 h - 2 potions of degeneration {unknown}
 i - a potion of haste {unknown}
 j - 2 potions of flight {unknown}
 m - a potion of might {unknown}
 n - 2 potions of ambrosia {unknown}
 o - a potion of brilliance {unknown}
 q - a potion of heal wounds {unknown}


   Skills:
 + Level 7.2 Fighting
 + Level 9.3 Maces & Flails
 + Level 6.2 Armour
 + Level 6.2 Dodging


You had 8 spell levels left.
You didn't know any spells.
Your spell library was empty.

Dungeon Overview and Level Annotations

Branches:
Dungeon (7/15)             Temple (0/1) D:6           Sewer (visited)

Altars:
Gozag
Nemelex Xobeh

Shops:
D:6 *=

Portals:
Bailey: D:7


Innate Abilities, Weirdness & Mutations

You have a pair of small horns on your head.
A weak demonic guardian rushes to your aid.
A meltable icy envelope protects you from harm. (AC +4)
You have an unusually large brain. (Int +2)
A meltable shield of frost defends you. (SH +4)


Message History

You feel very sick.
The killer bee stings you but does no damage.
The killer bee stings you!
* * * LOW HITPOINT WARNING * * *
You feel sick.
The killer bee stings you but does no damage. x5
Your skin crawls.
You feel strong-willed.
You feel sick. The killer bee barely misses you.
The killer bee stings you but does no damage. x3
The killer bee stings you.
* * * LOW HITPOINT WARNING * * *
The killer bee stings you.
* * * LOW HITPOINT WARNING * * *
A demonic guardian appears!
The orc warrior hits you with a +0 mace!
* * * LOW HITPOINT WARNING * * *
You block the killer bee's attack.
The killer bee stings you but does no damage.
A red film seems to cover your vision as you go berserk!
You feel yourself moving faster!
You feel mighty!
You feel sick. The killer bee barely misses you.
The killer bee stings you but does no damage. x3
The killer bee barely misses you. The killer bee stings you.
* * * LOW HITPOINT WARNING * * *
The orc warrior completely misses you.
The killer bee stings you but does no damage.
The killer bee closely misses you.
Your white imp hits the orc warrior but does no damage.
You feel a strong urge to attack something.
You feel sick. The killer bee stings your white imp.
Your white imp is poisoned.
The killer bee poisons your white imp! The killer bee completely misses you.
The killer bee stings your white imp.
The orc warrior hits your white imp with a +0 mace.
Your white imp dies!
Your white imp disappears in a puff of smoke!
The door flies open with a bang!
You feel sick. The killer bee stings you.
You die...

#.........####..##
#.........'.......
#.........#####.##
#.........# #.##
#.....†...# #..#
#.........# ##.#
#.........#### #.#
#######.y..........###..
......'@y..........'....
#######.y..........####.
#oy..........# #.
#o..o........# ##
#............# #
##...........#
#...........#
#...........#
#....!......#


You could see an orc warrior, 4 killer bees and 2 orcs.

Vanquished Creatures
  An ugly thing (D:6)
  Grinder (D:6)
  A wyvern (D:7)
  Edmund (D:4)
  A steam dragon (D:9)
  Menkaure (D:6)
  A water moccasin (D:4)
  A sky beast (D:6)
  An orc warrior (D:6)
  An ice beast (D:5)
  An ogre (D:6)
  A phantom (D:7)
  Blork the orc (D:4)
  A kobold brigand (D:6)
  A bullfrog (D:6)
  2 scorpions
  7 wights
  2 jellies (D:5)
  3 orc priests (D:6)
  2 hounds (D:4)
  4 iguanas
  3 orc wizards (D:6)
  17 adders
  3 river rats (Sewer)
  A shadow imp (D:6)
  A white imp (D:6)
  An ufetubus (D:5)
  4 worms
  2 dart slugs
  16 orcs
  7 endoplasms
  6 goblins
  7 hobgoblins
  8 jackals
  13 kobolds
  4 quokkas
  13 ball pythons
  6 bats
  6 frilled lizards
  13 rats
166 creatures vanquished.

Vanquished Creatures (collateral kills)
  A kobold (D:3)
1 creature vanquished.

Grand Total: 167 creatures vanquished

Notes
Turn   | Place    | Note
-------+----------+-------------------------------------------
     0 | D:1      | sammy202020 the Demonspawn Berserker began the quest for
                  | the Orb.
     0 | D:1      | Reached XP level 1. HP: 18/18 MP: 1/1
    88 | D:1      | Gained mutation: You have a pair of small horns on your
                  | head. [demonic ancestry]
    88 | D:1      | Reached XP level 2. HP: 9/24 MP: 2/2
   355 | D:1      | HP: 1/24 [frozen (3)]
   372 | D:1      | Identified a scroll of acquirement
   372 | D:1      | Acquired a manual of Maces & Flails
   686 | D:1      | Reached skill level 3 in Maces & Flails
   959 | D:1      | Found a faded altar of an unknown god.
  1028 | D:1      | Reached XP level 3. HP: 29/29 MP: 3/3
  1084 | D:1      | Reached ** piety under Trog
  1318 | D:2      | Found an opulent altar of Gozag.
  1579 | D:2      | Reached XP level 4. HP: 35/35 MP: 4/4
  2555 | D:3      | Found a glowing drain.
  2582 | Sewer    | Entered a sewer
  2617 | Sewer    | Reached skill level 4 in Maces & Flails
  2617 | Sewer    | Gained mutation: A weak demonic guardian rushes to your
                  | aid. [demonic ancestry]
  2617 | Sewer    | Reached XP level 5. HP: 42/42 MP: 5/5
  3402 | D:3      | Reached *** piety under Trog
  4016 | D:4      | Gained mutation: You have an unusually large brain. (Int
                  | +2) [demonic ancestry]
  4016 | D:4      | Reached XP level 6. HP: 48/48 MP: 6/6
  4248 | D:4      | Noticed a water moccasin
  4257 | D:4      | Killed a water moccasin
  4258 | D:4      | Reached skill level 5 in Maces & Flails
  4525 | D:4      | HP: 1/49 [poisoned by a scorpion]
  4741 | D:4      | Gained mutation: A meltable shield of frost defends you.
                  | (SH +4) [demonic ancestry]
  4741 | D:4      | Reached XP level 7. HP: 43/55 MP: 7/7
  4921 | D:4      | Reached skill level 6 in Maces & Flails
  5261 | D:4      | Noticed Blork the orc
  5273 | D:4      | Killed Blork the orc
  5274 | D:4      | Reached skill level 5 in Fighting
  5450 | D:4      | Noticed Edmund
  5474 | D:4      | Killed Edmund
  5977 | D:5      | Entered Level 5 of the Dungeon
  6367 | D:5      | Found a sparkling altar of Nemelex Xobeh.
  6689 | D:5      | Reached skill level 7 in Maces & Flails
  6689 | D:5      | Gained mutation: A meltable icy envelope protects you from
                  | harm. (AC +4) [demonic ancestry]
  6689 | D:5      | Reached XP level 8. HP: 63/63 MP: 8/8
  7259 | D:6      | Noticed Menkaure
  7283 | D:6      | Killed Menkaure
  7288 | D:6      | Reached skill level 5 in Armour
  7288 | D:6      | Reached skill level 5 in Dodging
  7474 | D:6      | Found Fejam's Fire Supplies.
  7543 | D:6      | Found a staircase to the Ecumenical Temple.
  7573 | D:6      | Reached skill level 8 in Maces & Flails
  7597 | D:6      | Noticed Grinder
  7607 | D:6      | Paralysed by Grinder for 5 turns
  7619 | D:6      | Paralysed by Grinder for 7 turns
  7633 | D:6      | Killed Grinder
  7861 | D:6      | Noticed a green ugly thing
  7876 | D:6      | Killed a green ugly thing
  7877 | D:6      | Reached XP level 9. HP: 71/71 MP: 9/9
  7938 | D:6      | Found Jesiox's Jewellery Boutique.
  8576 | D:7      | Found a flagged portal.
  8648 | D:7      | Reached skill level 9 in Maces & Flails
  9238 | D:7      | You fall into a shaft and drop 2 floors!
  9333 | D:9      | HP: 2/108 [killer bee (4)]
  9335 | D:9      | Slain by a killer bee

Illustrated notes

Levels and vault maps discovered:
D:1:      dpeg_arrival_windows_large_door, layout_rooms,
          shapermc_ecumenical_altar_rom_forum
D:2:      layout_loops_ring, basic_altar, minmay_domino_4
D:3:      layout_basic, serial_forest, infiniplex_forest_clump_long,
          infiniplex_forest_lined_1, infiniplex_forest_clump_small,
          infiniplex_forest_lined_4_way, infiniplex_forest_clump_medium,
          infiniplex_forest_fountain, infiniplex_forest_clump_medium,
          cheibrodos_sewer_entry_drain
D:4:      layout_cave_pods, kennysheep_doodads, minmay_box_of_dots, uniq_edmund,
          uniq_blork_the_orc
D:5:      layout_gridville, nemelex_spade_bored_becter, minmay_door_square
D:6:      layout_loops_cross, temple_statues, serial_shops,
          nicolae_shop_crystal, nicolae_shop_fire_sale [nicolae_sub_dead_trees],
          uniq_menkaure, uniq_grinder
D:7:      layout_loops_ring, enter_bailey_2, roderic_lattice_a,
          eino_tiny_chamber
D:9:      layout_basic, lair_entry_dummy

Skill      XL: |  1  2  3  4  5  6  7  8  9 |
---------------+----------------------------+-----
Armour         | 2 3 4 5 6 |  6.2
Dodging        | 2 3 4 5 6 |  6.2
Maces & Flails | 3 4 5 7 8 9 |  9.3
Fighting       | 4 5 6 7 |  7.2

Action                   |  1- 3 |  4- 6 |  7- 9 || total
-------------------------+-------+-------+-------++-------
Melee: Mace              |   120 |   243 |   150 ||   513
       Headbutt          |     9 |    40 |    52 ||   101
       Punch             |     2 |     2 |     1 ||     5
       Flail             |       |       |    91 ||    91
       Dire flail        |       |       |    20 ||    20
Invok: Berserk           |     2 |     1 |     6 ||     9
       Trog's Hand       |       |     1 |     3 ||     4
  Use: Scroll            |     5 |     3 |     7 ||    15
       Potion            |       |     1 |       ||     1
 Stab: Sleeping          |     1 |       |       ||     1
       Distracted        |       |       |     1 ||     1
Armor: Animal skin       |     6 |       |       ||     6
       Chain mail        |    73 |   161 |   131 ||   365
Dodge: Dodged            |    68 |   126 |    90 ||   284
Block: Other             |       |       |    34 ||    34

Table legend: (Time is in decaauts)
 A = Elapsed time spent in this place.
 B = Non-inter-level travel time spent in this place.
 C = Inter-level travel time spent in this place.
 D = Time resting spent in this place.
 E = Time spent auto-exploring this place.
 F = Levels seen in this place.
 G = Mean time per level.
                   A        B        C        D        E       F      G
               +--------+--------+--------+--------+--------+-----+--------+
         Total |   9541 |   9305 |    236 |   1598 |   5744 |   9 | 1060.1 |
       Dungeon |   8887 |   8651 |    236 |   1598 |   5380 |   8 | 1110.9 |
         Sewer |    653 |    653 |      0 |      0 |    364 |   1 |  653.0 |
               +--------+--------+--------+--------+--------+-----+--------+

Top non-repeatable levels by time:
     D:4: 2154 daAuts
     D:6: 1415 daAuts
     D:1: 1352 daAuts
     D:3: 1245 daAuts
     D:5: 1151 daAuts
     D:2: 772 daAuts
     D:7: 700 daAuts
   Sewer: 653 daAuts
     D:9: 95 daAuts
